 Dungeon Crawl Stone Soup version 0.30-a0-918-g0ff054e9dc (webtiles) character file.

Game seed: 14692653423022865789

4 jimonade the Magician (level 1, -2/18 HPs)
             Began as a Djinni Warper on Mar 21, 2023.
             Slain by a quokka (3 damage)
             ... on level 1 of the Dungeon.
             The game lasted 00:00:19 (49 turns).

jimonade the Magician (Djinni Warper)                 Turns: 49, Time: 00:00:19

Health: -2/18      AC:  3    Str: 10    XL:     1   Next: 66%
Gold:   14         EV: 11    Int: 14    God:
                   SH:  0    Dex: 12

rFire   + + .      SeeInvis .    a - +0 spear
rCold   x . .      Faith    .    (no shield)
rNeg    . . .      Spirit   .    b - +0 leather armour
rPois   ∞          Reflect  .    (no helmet)
rElec   .          Rampage  .    (no cloak)
rCorr   .                        (no gloves)
Will    .....                    (boots unavailable)
Stlth   +                        (no amulet)
HPRegen 0.23/turn                (no ring)
MPRegen 0.00/turn                (no ring)

@: flying
A: sickness immunity, fire resistance 2, cold vulnerability 1, float, innate
caster, HP casting, extra vitality 1
a: no special abilities


You were on level 1 of the Dungeon.
You visited 1 branch of the dungeon, and saw 1 of its levels.

You collected 14 gold pieces.

Inventory:

Hand Weapons
 a - a +0 spear (weapon)
Missiles
 d - 7 boomerangs of dispersal (quivered)
Armour
 b - a +0 leather armour (worn)
Scrolls
 c - a scroll of blinking


   Skills:
 - Level 2.0 Fighting
 - Level 1.5 Polearms
 - Level 0.7 Throwing
 - Level 1.0 Armour
 - Level 2.1 Dodging
 + Level 2.6 Spellcasting


You knew the following spells:

 Your Spells              Type           Power      Damage    Failure   Level
a - Blink                 Tloc           18%        N/A       16%         2
b - Lesser Beckoning      Tloc           18%        N/A       16%         2
c - Vhi's Electric Charg  Tloc/Air       18%        N/A       30%         3
d - Teleport Other        Tloc           9%         N/A       30%         3
e - Manifold Assault      Tloc           9%         N/A       71%         4
Your spell library was empty.

Dungeon Overview and Level Annotations

Branches:
Dungeon (1/15)

Altars:


Innate Abilities, Weirdness & Mutations

You are immune to sickness and miasma.
You are immune to poison.
Your flesh is very heat resistant. (rF++)
You are vulnerable to cold. (rC-)
You float through the air rather than walking.
You learn spells naturally, not from books.
Your magical power is your life essence.
You have superior vitality. (+4 MHP)


Message History

You are too injured to fight recklessly!
You are too injured to fight recklessly!
The quokka bites you.
* * * LOW HITPOINT WARNING * * *
You are too injured to fight recklessly!
You are too injured to fight recklessly!
You are too injured to fight recklessly!
You are too injured to fight recklessly!
You are too injured to fight recklessly!
You are too injured to fight recklessly!
Reach: a) +0 spear
Press: ? - help, Dir - move target, f/p - quokka
Aim: a quokka (moderately wounded, about 50% to evade your +0 spear)
You hit the quokka but do no damage.
The quokka is moderately wounded.
The quokka bites you but does no damage.
Reach: a) +0 spear
Press: ? - help, Dir - move target, f/p - quokka
Aim: a quokka (moderately wounded, about 50% to evade your +0 spear)
You hit the quokka but do no damage.
The quokka is moderately wounded.
The quokka splashes around in the water.
Reach: a) +0 spear
Press: ? - help, Dir - move target, f/p - quokka
Aim: a quokka (moderately wounded, about 50% to evade your +0 spear)
You hit the quokka but do no damage.
The quokka is moderately wounded.
The quokka barely misses you.
The quokka bites you but does no damage.
The endoplasm splashes around in the water.
The quokka bites you.
* * * LOW HITPOINT WARNING * * *
The quokka splashes around in the water.
Reach: a) +0 spear
Press: ? - help, Dir - move target, f/p - quokka
Aim: a quokka (moderately wounded, about 50% to evade your +0 spear)
You hit the quokka.
The quokka is almost dead.
The quokka bites you.
You die...

... ...P~~P.P~~P.
.....#..~≈~~.~≈~~.. .
#?...#..~≈≈~.~≈≈~..
..#.......≈~~≈.~~~~..
....[.....~~~≈.~~~~..#
..........~~~~!≈~~≈..#
#..>....~~rJ.~~~~..#
#.#...†)..~@≈†.≈≈≈~..#
..........)≈≈~.~≈~~..#
#.........P~~...~~P...
#..................[..
##............<.......
#.......?.:..........
####..#..P~~...~~P...
#.....~≈~≈.~≈≈≈...
###...~≈~~.~≈≈~...


You could see an endoplasm and a quokka.

Vanquished Creatures
  A ball python (D:1)
  A goblin (D:1)
  A quokka (D:1)
3 creatures vanquished.

Notes
Turn   | Place    | Note
-------+----------+-------------------------------------------
     0 | D:1      | jimonade the Djinni Warper began the quest for the Orb.
     0 | D:1      | jimonade set off with the following spells memorised:
                  | Blink, Lesser Beckoning, Vhi's Electric Charge, Teleport
                  | Other, Manifold Assault.
     0 | D:1      | Reached XP level 1. HP: 18/18 MP: 0/0
    49 | D:1      | Slain by a quokka

Illustrated notes

Levels and vault maps discovered:
D:1:      giann_bridges, layout_rooms, nrook_uturn

Action                     || total
---------------------------++-------
  Melee: Spear             ||    27
 Armour: Leather armour    ||     8
  Dodge: Dodged            ||     5

Table legend: (Time is in decaauts)
 A = Elapsed time spent in this place.
 B = Non-inter-level travel time spent in this place.
 C = Inter-level travel time spent in this place.
 D = Time resting spent in this place.
 E = Time spent auto-exploring this place.
 F = Levels seen in this place.
 G = Mean time per level.
                   A        B        C        D        E       F      G
               +--------+--------+--------+--------+--------+-----+--------+
         Total |     49 |     49 |      0 |      0 |      2 |   1 |   49.0 |
       Dungeon |     49 |     49 |      0 |      0 |      2 |   1 |   49.0 |
               +--------+--------+--------+--------+--------+-----+--------+

Top non-repeatable levels by time:
     D:1: 49 daAuts
